 Dungeon Crawl Stone Soup version 0.30-a0-1103-g25895a7845 (webtiles) character file.

Game seed: 6936052248221967850

1214 Demosthentine the Poker (level 8, -10/55 HPs)
             Began as a Demonspawn Gladiator on Apr 18, 2023.
             Was an Initiate of Hepliaklqana.
             Mangled by a wight
             ... wielding a +3 long sword
              (13 damage)
             ... on level 6 of the Dungeon.
             The game lasted 00:07:36 (5449 turns).

Demosthentine the Poker (Demonspawn Gladiator)      Turns: 5449, Time: 00:07:36

Health: -10/55     AC:  3    Str: 16    XL:     8   Next: 22%
Magic:  8/8        EV: 14    Int:  9    God:    Hepliaklqana [......]
Gold:   213        SH:  0    Dex: 16    Spells: 7/7 levels left

rFire   . . .      SeeInvis .    a - +0 trident
rCold   . . .      Faith    .    (no shield)
rNeg    + . .      Spirit   .    b - +0 leather armour
rPois   .          Reflect  .    c - +0 helmet
rElec   .          Rampage  .    (no cloak)
rCorr   .                        (no gloves)
Will    +....                    (no boots)
Stlth   +                        (no amulet)
HPRegen 0.29/turn                h - ring of willpower
MPRegen 0.11/turn                j - ring of positive energy

@: no status effects
A: powered by death 1, powered by pain 1, demonic touch 1, deformed body, frail
1
a: Renounce Religion


You were on level 6 of the Dungeon.
You worshipped Hepliaklqana.
Hepliaklqana was noncommittal.
You visited 2 branches of the dungeon, and saw 7 of its levels.

You collected 253 gold pieces.
You spent 40 gold pieces at shops.

Inventory:

Hand Weapons
 a - a +0 trident (weapon)
Missiles
 e - a javelin (quivered)
 n - 2 throwing nets
Armour
 b - a +0 leather armour (worn)
 c - a +0 helmet (worn)
Jewellery
 h - a ring of willpower (left hand)
 j - a ring of positive energy (right hand)
 m - a ring of protection from fire
Wands
 q - a wand of mindburst (10)
 s - a wand of flame (19)
 t - a wand of charming (8)
Scrolls
 k - a scroll of fear
Potions
 d - a potion of haste
 f - 3 potions of resistance
 g - a potion of heal wounds
 i - a potion of flight
 l - a potion of berserk rage {unknown}
 o - a potion of might
 p - a potion of degeneration {unknown}


   Skills:
 + Level 5.2 Fighting
 + Level 5.2 Polearms
 - Level 1.7 Throwing
 + Level 4.2 Armour
 + Level 5.2 Dodging


You had 7 spell levels left.
You didn't know any spells.
Your spell library contained the following spells:

 Spells                   Type           Power      Damage    Failure   Level
 Apportation              Tloc           0%         N/A       43%         1
 Necrotise                Necr           0%         1d4       43%         1
 Summon Small Mammal      Summ           0%         N/A       43%         1
 Lesser Beckoning         Tloc           0%         N/A       58%         2
 Gell's Gravitas          Tloc           0%         N/A       82%         3
 Teleport Other           Tloc           0%         N/A       82%         3
 Petrify                  Tmut/Erth      0%         N/A       99%         4
 Metabolic Englaciation   Hex/Ice        0%         N/A       100%        5
 Statue Form              Tmut/Erth      0%         N/A       100%        6


Dungeon Overview and Level Annotations

Branches:
Dungeon (6/15)             Temple (1/1) D:5

Altars:
Cheibriados
Dithmenos
Gozag
Hepliaklqana
Makhleb
Nemelex Xobeh
Okawaru
Qazlal
Ru
Sif Muna
Trog
Uskayaw
Vehumet
Wu Jian
Xom
Yredelemnul

Shops:
D:5 !

Annotations:
D:3 3 runed translucent doors, diodin's ghost, amateur NaEn


Innate Abilities, Weirdness & Mutations

You regenerate a little health from kills.
You sometimes gain a little power by taking damage.
Your touch may inflict minor irresistible damage on your foes.
Armour fits poorly on your strangely shaped body.
You are frail. (-10% HP)


Message History

You are too injured to fight recklessly!
You are too injured to fight recklessly!
You are too injured to fight recklessly!
You are too injured to fight recklessly!
You are too injured to fight recklessly!
You are too injured to fight recklessly!
You are too injured to fight recklessly!
You are too injured to fight recklessly!
You are too injured to fight recklessly!
You are too injured to fight recklessly!
Unknown command.
You hit the yak.
The yak is almost dead.
The yak gores you but does no damage.
You hit the yak but do no damage.
The yak is almost dead.
The yak misses you.
You barely miss the yak.
The yak is almost dead.
The yak gores you!
* * * LOW HITPOINT WARNING * * *
You closely miss the yak.
You touch the yak!
You kill the yak!
As you read the scroll of teleportation, it crumbles to dust.
You feel strangely unstable. The yak gores you!
* * * LOW HITPOINT WARNING * * *
The yak attacks as you move away! The yak completely misses you.
Your surroundings suddenly seem different. 4 wights come into view.
A wight is wielding a +0 short sword and wearing a +2 robe of cold resistance.
Found a stone staircase leading up.
The wight moves out of view.
Okay, then.
A killer bee comes into view.
Found a robe.
The killer bee buzzes angrily.
You hear an angry buzzing noise.
A killer bee comes into view. x2
The killer bee moves out of view.
The wight attacks as you move away!
The wight hits you with a +3 long sword!
You die...

# #.#
#####.########
... #.# ###..#
#.# ....## #.#
..... #.#
##.#. #.# #
... #.#
#.z#z#### #.#
#....@..#
#..#.##..z..#
# #. .#....#
[. .# .##. ##.
.# # #. <. y.
.. .y ##


You could see 2 killer bees and 3 wights.

Vanquished Creatures
  A yak (D:6)
  2 water moccasins
  A black bear (D:5)
  A bullfrog (D:5)
  A scorpion (D:6)
  2 howler monkeys
  2 hounds (D:5)
  A jelly (D:5)
  3 orc priests
  2 sleepcaps
  3 iguanas
  A mummy (D:5)
  Robin (D:3)
  3 gnolls (D:2)
  10 adders
  A white imp (D:6)
  4 ufetubi
  2 worms (D:2)
  2 dart slugs
  4 orcs
  7 ball pythons
  3 endoplasms
  5 giant cockroaches
  18 goblins
  7 hobgoblins
  3 jackals (D:2)
  4 quokkas
  7 bats
  A frilled lizard (D:3)
  9 kobolds
  2 rats (D:1)
113 creatures vanquished.

Notes
Turn   | Place    | Note
-------+----------+-------------------------------------------
     0 | D:1      | Demosthentine the Demonspawn Gladiator began the quest for
                  | the Orb.
     0 | D:1      | Reached XP level 1. HP: 16/16 MP: 1/1
   242 | D:1      | Gained mutation: You regenerate a little health from kills.
                  | [demonic ancestry]
   242 | D:1      | Reached XP level 2. HP: 20/22 MP: 2/2
   378 | D:1      | Found a faded altar of an unknown god.
  1155 | D:2      | Reached skill level 1 in Armour
  1155 | D:2      | Reached XP level 3. HP: 24/28 MP: 3/3
  1676 | D:2      | Gained mutation: You sometimes gain a little power by
                  | taking damage. [demonic ancestry]
  1676 | D:2      | Reached XP level 4. HP: 34/34 MP: 4/4
  2060 | D:3      | Identified the +4 spear of Income {flame, rPois rCorr MP-9
                  | Dex+3}
  2060 | D:3      | Identified the +2 ring mail of Minur {-Tele Str+4 Slay+3}
  2062 | D:3      | Found a runed translucent gate.
  2062 | D:3      | Noticed diodin's ghost (amateur NaEn)
  2063 | D:3      | Found a runed translucent gate.
  2063 | D:3      | Found a runed translucent gate.
  2188 | D:3      | Noticed Robin
  2190 | D:3      | Gained mutation: Your touch may inflict minor irresistible
                  | damage on your foes. [demonic ancestry]
  2190 | D:3      | Reached XP level 5. HP: 41/41 MP: 5/5
  2198 | D:3      | Killed Robin
  2253 | D:3      | Found a burning altar of Makhleb.
  2253 | D:3      | Found an ornate altar of the Wu Jian Council.
  2254 | D:3      | Found a sparkling altar of Nemelex Xobeh.
  2292 | D:3      | Found a shimmering blue altar of Sif Muna.
  2663 | D:3      | Gained mutation: You are frail. (-10% HP) [potion of
                  | mutation]
  2663 | D:3      | Gained mutation: Armour fits poorly on your strangely
                  | shaped body. [potion of mutation]
  2955 | D:4      | Found a stormy altar of Qazlal.
  2957 | D:4      | Noticed a fire elemental
  2958 | D:4      | Noticed a water elemental
  2958 | D:4      | Noticed an air elemental
  3235 | D:4      | Reached XP level 6. HP: 41/42 MP: 6/6
  3581 | D:5      | Entered Level 5 of the Dungeon
  3584 | D:5      | Found a snail-covered altar of Cheibriados.
  4037 | D:5      | Found a shimmering altar of Xom.
  4043 | D:5      | Found Aniorr Weula's Distillery.
  4049 | D:5      | Bought a potion of might for 40 gold pieces
  4121 | D:5      | Found a staircase to the Ecumenical Temple.
  4144 | D:5      | Reached XP level 7. HP: 45/48 MP: 7/7
  4483 | Temple   | Entered the Ecumenical Temple
  4549 | Temple   | Became a worshipper of Hepliaklqana the Forgotten
  5132 | D:6      | Reached skill level 5 in Fighting
  5132 | D:6      | Reached skill level 5 in Polearms
  5132 | D:6      | Reached skill level 5 in Dodging
  5132 | D:6      | Reached XP level 8. HP: 27/55 MP: 8/8
  5233 | D:6      | Found an iron altar of Okawaru.
  5443 | D:6      | HP: 1/55 [yak (11)]
  5449 | D:6      | Mangled by a wight

Illustrated notes

Levels and vault maps discovered:
D:1:      dpeg_arrival_boxorama, layout_loops_corners,
          shapermc_ecumenical_altar_acropolis
D:2:      layout_loops_cross, kennysheep_generic_room_15
D:3:      layout_basic, old_standard_altar, gammafunk_temple_overflow_claw,
          biasface_ghost_orc_armoury, uniq_robin
D:4:      layout_basic, nicolae_qazlal_style_of_elements
D:5:      layout_gridville, slow_altar_1, mainiacjoe_overflow_brackets,
          temple_doors_e, serial_shops, shop, nrook_mini_vaults
D:6:      layout_loops_ring, kennysheep_mini, gammafunk_ghost_smash
Temple:   nicolae_temple_ecumenical_triangle

Skill      XL: |  1  2  3  4  5  6  7 |
---------------+----------------------+-----
Polearms       | 3 4 5 |  5.2
Dodging        | 3 4 5 |  5.2
Armour         | 1 2 3 4 |  4.2
Fighting       | 3 4 5 |  5.2
Throwing       | |  1.7

Action                     |  1- 3 |  4- 6 |  7- 9 || total
---------------------------+-------+-------+-------++-------
  Melee: Trident           |   115 |   171 |    96 ||   382
         Punch             |     1 |       |     1 ||     2
         Touch             |       |     5 |    25 ||    30
  Throw: Throwing net      |     3 |       |       ||     3
    Use: Scroll            |     2 |     7 |     2 ||    11
         Potion            |     1 |     5 |     2 ||     8
   Stab: Sleeping          |     1 |     1 |       ||     2
         Held in net/web   |     1 |       |       ||     1
 Armour: Leather armour    |    25 |    32 |    20 ||    77
  Dodge: Dodged            |    66 |    99 |    79 ||   244

Table legend: (Time is in decaauts)
 A = Elapsed time spent in this place.
 B = Non-inter-level travel time spent in this place.
 C = Inter-level travel time spent in this place.
 D = Time resting spent in this place.
 E = Time spent auto-exploring this place.
 F = Levels seen in this place.
 G = Mean time per level.
                   A        B        C        D        E       F      G
               +--------+--------+--------+--------+--------+-----+--------+
         Total |   5494 |   5363 |    131 |    318 |   4114 |   7 |  784.9 |
       Dungeon |   5418 |   5287 |    131 |    318 |   4059 |   6 |  903.0 |
        Temple |     75 |     75 |      0 |      0 |     55 |   1 |   75.0 |
               +--------+--------+--------+--------+--------+-----+--------+

Top non-repeatable levels by time:
     D:1: 1164 daAuts
     D:5: 1115 daAuts
     D:3: 971 daAuts
     D:2: 799 daAuts
     D:6: 687 daAuts
     D:4: 680 daAuts
  Temple: 75 daAuts
